 Dungeon Crawl Stone Soup version 0.20-a0-993-gba41c3c (console) character file.

326802 nht the Basher (level 21, -9/171 HPs)
             Began as a Bultungin Conjurer on Apr 10, 2017.
             Was the Champion of Yredelemnul.
             Mangled by a titan (38 damage)
             ... on level 5 of the Vaults on Apr 11, 2017.
             The game lasted 04:26:39 (47810 turns).

nht the Basher (Bultungin Conjurer)                Turns: 47810, Time: 04:26:54

Health: -9/171     AC: 25    Str: 13    XL:     21   Next: 65%
Magic:  35/35      EV: 15    Int: 21    God:    Yredelemnul [******]
Gold:   3237       SH:  0    Dex: 16    Spells: 8/40 levels left

rFire    + . .     SeeInvis +   a - +4 mace {elec, rPois rF++ rC- SInv}
rCold    . . .     Gourm    .   A - +2 buckler of Cetsuahe {rPois rC- MR+ SInv}
rNeg     + + .     Faith    .   T - +0 ice dragon scales
rPois    +         Spirit   .   e - +2 helmet
rElec    .         Reflect  .   s - +2 cloak {MR+}
rCorr    +         Harm     .   l - +0 pair of gloves of Day {rCorr}
MR       ++++.                  h - +2 pair of boots
Stlth    ..........             X - amulet of Vitality {Regen+ HP+15}
Regen    0.8/turn               V - ring of Jacluc {Wiz rN++ Str+3}
MPRegen  0.3/turn               Q - ring of protection from magic

@: confused, wreathed by umbra
A: short attention span, fangs 1, see invisible, strong nose
}: 2/15 runes: decaying, serpentine
a: Recall Undead Slaves, Injury Mirror, Animate Dead, Drain Life, Enslave Soul,
Renounce Religion


You were on level 5 of the Vaults.
You worshipped Yredelemnul.
Yredelemnul was exalted by your worship.
You were not hungry.

You visited 7 branches of the dungeon, and saw 39 of its levels.
You also visited: Trove, Ossuary, Bailey, Ice Cave and Desolation.

You collected 5787 gold pieces.
You spent 2550 gold pieces at shops.

Inventory:

Hand Weapons
 a - the +4 mace of the Maze (weapon) {elec, rPois rF++ rC- SInv}
   (You took it off a wight on level 14 of the Dungeon)

   Occasionally, upon striking a foe, it will discharge some electrical energy
   and cause terrible harm.
   It greatly protects you from fire.
   It makes you vulnerable to cold.
   It protects you from poison.
   It lets you see invisible.
 r - the +8 Wrath of Trog {antimagic, *Rage}
   (You found it on level 3 of the Crypt)

   It reduces the magical energy of the wielder, and disrupts the spells and
   magical abilities of those hit.
   Natural abilities and divine invocations are not affected.
   It may make you go berserk in combat.
 N - a +2 rapier of distortion
Missiles
 E - 1248 stones (quivered)
Armour
 e - a +2 helmet (worn)
 h - a +2 pair of boots (worn)
 l - the +0 pair of gloves of Day (worn) {rCorr}
   (You found it in a bailey)

   It protects you from acid and corrosion.
 s - a +2 cloak of magic resistance (worn)
 A - the +2 buckler of Cetsuahe (worn) {rPois rC- MR+ SInv}
   (You found it on level 4 of the Snake Pit)

   It makes you vulnerable to cold.
   It protects you from poison.
   It affects your resistance to hostile enchantments.
   It lets you see invisible.
 T - +0 ice dragon scales (worn)
Jewellery
 Q - a ring of protection from magic (right hand)
 V - the ring of Jacluc (left hand) {Wiz rN++ Str+3}
   (You bought it in a shop on level 2 of the Orcish Mines)

   [ring of wizardry]

   It improves your spell success rate.
   It affects your strength (+3).
   It greatly protects you from negative energy.
 X - the amulet of Vitality (around neck) {Regen+ HP+15}
   (You bought it in a shop on level 4 of the Snake Pit)

   [amulet of regeneration]

   It affects your health (+15).
   It increases your rate of regeneration.
Wands
 b - a wand of clouds (0/9)
 f - a wand of disintegration (3/24)
 u - a wand of disintegration (13/24)
 M - a wand of disintegration (7/24)
 S - a wand of acid (0/15)
Scrolls
 j - 12 scrolls of enchant weapon
 k - 3 scrolls of silence
 p - 19 scrolls of remove curse
 w - 9 scrolls of blinking
 y - a scroll of enchant armour
 B - 6 scrolls of fog
 F - 10 scrolls of identify
 I - 10 scrolls of recharging
 J - 3 scrolls of magic mapping
 P - a scroll of fear
 U - 8 scrolls of teleportation
Potions
 g - 6 potions of agility
 i - 17 potions of curing
 m - 3 potions of berserk rage
 n - a potion of ambrosia
 o - 14 potions of heal wounds
 z - 3 potions of flight
 C - a potion of might
 G - 4 potions of cancellation
 H - a potion of invisibility
 K - 4 potions of haste
 L - 4 potions of resistance
 O - 6 potions of brilliance
 W - a potion of magic
 Z - 3 potions of mutation
Miscellaneous
 d - 4 phantom mirrors
 q - a fan of gales
 t - a box of beasts
 v - a phial of floods
 x - a lamp of fire
 R - a lightning rod (4/4)
 Y - 5 sacks of spiders
Comestibles
 c - 7 bread rations
 D - 29 royal jellies


   Skills:
 - Level 11.0 Fighting
 - Level 7.0 Short Blades
 - Level 11.2 Maces & Flails
 - Level 11.0 Armour
 - Level 11.0 Dodging
 + Level 10.3 Stealth
 - Level 11.0 Shields
 + Level 10.0 Spellcasting
 + Level 10.4 Conjurations
 - Level 11.0 Hexes
 - Level 10.0 Charms
   Level 8.0 Summonings
 - Level 8.0 Translocations
 + Level 10.5 Fire Magic
 - Level 9.0 Ice Magic
 + Level 10.3 Earth Magic
 - Level 11.0 Invocations
 - Level 10.0 Evocations


You had 8 spell levels left.
You knew the following spells:

 Your Spells              Type           Power        Failure   Level  Hunger
a - Darkness              Hex            ######....   21%         6    ######.
b - Fireball              Conj/Fire      ######....   6%          5    ####...
c - Iskenderun's Mystic   Conj           ######..     1%          4    ##.....
d - Sandblast             Erth           ######       1%          1    None
e - Bolt of Magma         Conj/Fire/Erth ######....   6%          5    ####...
g - Blink                 Tloc           N/A          1%          2    None
h - Ozocubu's Armour      Chrm/Ice       ######..     1%          3    None
i - Mephitic Cloud        Conj/Pois/Air  ####....     10%         3    None
j - Lesser Beckoning      Tloc           #####.....   1%          3    None


Dungeon Overview and Level Annotations

Branches:
Dungeon (15/15)            Temple (0/1) D:7            Lair (6/6) D:11
  Swamp (4/4) Lair:3        Snake (4/4) Lair:3        Slime (0/5) Lair:5
    Orc (2/2) D:10            Elf (0/3) Orc:2        Vaults (5/5) D:13
  Crypt (3/3) Vaults:3       Tomb (0/3) Crypt:3      Depths (0/5) D:15

Altars:
Cheibriados
Dithmenos
Fedhas
Qazlal
Sif Muna
Trog
Wu Jian
Yredelemnul
Zin
Jiyva

Shops:
D:5 :   D:8 ?   Orc:2 =}}*   Snake:4 }==   Vaults:2 (

Annotations:
Lair:2 rcorr
Swamp:1 1 runed door


Innate Abilities, Weirdness & Mutations

You have a short attention span.
You have very sharp teeth.
You have supernaturally acute eyesight. (SInv)
Your uncanny sense of smell can sniff out nearby items.


Message History

Your tengu reaver zombie hits something but does no damage.
Your tengu reaver zombie pecks something but does no damage.
Your tengu reaver zombie claws something.
The green death hits your vault guard zombie but does no damage.
The titan hits you!
* * * LOW HITPOINT WARNING * * *
Unknown command.
The tentacled monstrosity tentacle-slaps your vault guard zombie but does no damage.
The tentacled monstrosity tentacle-slaps your vault guard zombie.
The tentacled monstrosity completely misses your vault guard zombie.
The tentacled monstrosity constricts your vault guard zombie!
Your vault guard zombie hits the tentacled monstrosity with a halberd.
Something hits your tengu reaver zombie.
Your tengu reaver zombie blocks something's attack. x2
Your vault guard zombie barely misses the green death.
Your vampire knight casts a spell.
Your vampire knight seems to speed up.
The titan hits you!!!
You die...
Your body rises from the dead as a mindless zombie. █..█ █..█ █44█ █..█ █2e█ █Z.█ █ZZ█ ∆ █ZV█

█@Z█... █CA█...
█..█.. █$Ze.█
█.X..█████████████
█..Z..............
█.................
█T)Z..............
█A(.ZZ...........)


You could see a tentacled monstrosity, a titan, a green death, a deep elf
annihilator, a deep troll, a deep elf demonologist, an orange demon, a chaos
spawn, a friendly profane servitor, a friendly vampire knight, 2 friendly iron
dragon zombies, 5 friendly vault guard zombies and a friendly tengu reaver
zombie.

Vanquished Creatures
  Jorgrun (Snake:4)
  Asterion (Snake:4)
  An ancient champion (Crypt:1)
  A sphinx (Vaults:3)
  Kirke (Snake:1)
  A thorn hunter (Swamp:4)
  2 nagarajas (Snake:4)
  2 revenants
  An iron dragon (Vaults:5)
  2 vault wardens
  2 orc warlords
  6 ironheart preservers
  A war gargoyle (Crypt:3)
  A ghoul (Crypt:2)
  4 stone giants
  2 very ugly things (Vaults:4)
  A vampire knight (Crypt:1)
  3 yaktaur captains
  2 great orbs of eyes (Vaults:3)
  5 hydras
  An ice dragon (Vaults:4)
  A merfolk avatar (Lair:6)
  9 vault guards
  2 death knights
  An alligator (Swamp:2)
  3 centaur warriors
  6 anacondas
  14 naga warriors
  A death yak (Lair:6)
  4 two-headed ogres
  A deep troll shaman (Vaults:4)
  11 naga sharpshooters
  2 titan zombies
  4 ogre magi
  6 orc high priests (Orc:2)
  12 shock serpents
  2 deep elf knights
  A hell knight (Vaults:5)
  5 skeletal warriors
  3 salamander mystics
  2 shadow wraiths
  4 naga ritualists
  An unseen horror (shapeshifter) (Vaults:2)
  A deep troll (Vaults:4)
  A golden dragon zombie (Crypt:3)
  3 unseen horrors
  A swamp dragon (Swamp:4)
  A deep elf archer (Vaults:3)
  Pikel (D:4)
  A glowing orange brain (Vaults:2)
  5 phantasmal warriors
  A flayed ghost (Crypt:2)
  An anaconda skeleton (Crypt:2)
  5 ugly things
  13 orc knights
  An orb spider (shapeshifter) (Vaults:3)
  7 ironbrand convokers
  An iron dragon zombie (Crypt:3)
  6 mana vipers
  2 oklob plants (Lair:2)
  4 deep elf magi
  2 cyclopes
  3 necromancers
  A wolf spider (Vaults:3)
  4 manticores
  An orc sorcerer (D:15)
  3 fire giant skeletons (Crypt:3)
  A frost giant skeleton (Crypt:2)
  An elephant (Lair:6)
  22 black mambas
  5 centaur zombies
  A guardian serpent (shapeshifter) (Vaults:3)
  7 salamanders
  16 naga magi
  2 dire elephant skeletons
  10 spiny frogs
  Psyche (D:8)
  3 vault sentinels
  6 guardian serpents (Snake:4)
  6 komodo dragons
  2 centaur skeletons
  A green draconian zombie (Crypt:2)
  5 yaktaurs
  4 rime drakes
  4 freezing wraiths
  4 trolls
  A polar bear (Lair:6)
  2 tyrant leeches (Swamp:4)
  A meliai (shapeshifter) (Vaults:2)
  13 slime creatures
  4 blink frogs
  A fire dragon zombie (Crypt:3)
  A hydra skeleton (Crypt:3)
  4 hippogriffs
  2 hornets
  An ettin zombie (Crypt:3)
  2 dream sheep (Lair:6)
  2 bog bodies (Swamp:4)
  A spriggan (D:8)
  4 shadows
  14 yaks
  An ettin skeleton (Crypt:3)
  A flying skull (Crypt:2)
  3 fire dragon skeletons
  A wraith (Crypt:1)
  4 wyverns
  Sigmund (D:4)
  A centaur simulacrum (D:15)
  5 vampires (Crypt:3)
  A wyvern (shapeshifter) (Vaults:3)
  2 basilisks
  A hungry ghost (D:9)
  A hog (Snake:1)
  3 wargs
  Menkaure (D:4)
  39 nagas
  3 vampire mosquitoes
  9 swamp worms
  6 porcupines
  11 water moccasins
  36 orc warriors
  2 swamp drakes
  4 ice beasts
  2 slaves (D:4)
  A snapping turtle zombie (Crypt:3)
  2 necrophages
  A boggart (Vaults:2)
  2 black bears (D:9)
  16 ogres
  4 sky beasts
  4 phantoms
  A wolf (Lair:6)
  17 centaurs
  11 crocodiles
  2 big kobolds
  11 bullfrogs
  A wyvern zombie (D:14)
  3 water moccasin zombies (Ossuary)
  A naga zombie (Snake:4)
  4 scorpions
  8 killer bees
  A snapping turtle simulacrum (Crypt:2)
  8 wights
  An electric eel (Lair:3)
  4 howler monkeys
  8 crimson imps
  A jelly (D:7)
  Crazy Yiuf (D:6)
  27 orc priests
  7 hounds
  Ijyb (D:4)
  2 bullfrog skeletons
  21 orc wizards
  8 worker ants
  A human skeleton (Crypt:3)
  2 iguanas
  A killer bee zombie (D:5)
  3 big kobold zombies (Ossuary)
  2 hound skeletons
  2 mummies (Ossuary)
  2 worker ant zombies
  A howler monkey skeleton (D:5)
  7 gnolls
  16 adders
  A shadow imp (D:12)
  4 white imps (D:12)
  An adder zombie (Ossuary)
  5 worms
  4 dart slugs
  4 leopard geckos
  84 orcs
  5 giant cockroaches
  3 gnoll zombies (Ossuary)
  6 goblins
  9 hobgoblins
  12 jackals
  4 quokkas
  2 ball pythons
  5 bats
  4 frilled lizards
  6 hobgoblin zombies
  A jackal skeleton (D:4)
  18 kobolds
  4 kobold zombies (Ossuary)
  A leopard gecko skeleton (D:4)
  5 orc zombies
  A quokka zombie (D:9)
  9 rats
  5 briar patches (Swamp:2)
  A fungus (Lair:4)
  2 plants (Lair:2)
919 creatures vanquished.

Vanquished Creatures (collateral kills)
  5 ancient liches
  Boris (Vaults:2)
  the Lernaean hydra (Swamp:4)
  A bone dragon (Crypt:3)
  A shard shrike skeleton (Crypt:1)
  A titan (Vaults:5)
  2 ancient champions (Crypt:2)
  3 tengu reavers
  A shadow dragon (Vaults:5)
  3 thorn hunters
  A revenant (Crypt:1)
  5 nagarajas
  Roxanne (Swamp:1)
  A fire giant (Vaults:5)
  An iron dragon (Vaults:5)
  2 frost giants
  10 vault wardens
  2 ghouls (Crypt:2)
  4 curse skulls
  9 ironheart preservers
  A reaper (Crypt:2)
  9 stone giants
  4 very ugly things
  2 war gargoyles (Crypt:3)
  2 entropy weavers
  6 vampire knights
  A deep elf annihilator (Vaults:4)
  The ghost of Lochraine the Carver, a journeyman HOMo of Beogh (Lair:4)
  2 eidola
  2 deep elf death magi
  2 ettins (Vaults:5)
  3 crystal guardians
  2 fire dragons
  4 jiangshi
  2 ice dragons
  A rakshasa (Vaults:2)
  4 yaktaur captains
  23 vault guards
  13 naga warriors
  A ghost crab (Swamp:4)
  14 hydras
  9 centaur warriors
  4 anacondas
  30 two-headed ogres
  3 death knights
  A tengu warrior (D:13)
  2 shock serpents
  2 deep troll shamans (Vaults:4)
  2 death yaks (Lair:6)
  3 ogre magi
  A deep troll earth mage (Vaults:2)
  3 vampire magi
  12 naga sharpshooters
  A soul eater (Crypt:2)
  3 deep elf knights
  A salamander mystic (Snake:3)
  A sea snake (Lair:6)
  A storm dragon skeleton (Crypt:3)
  15 skeletal warriors
  5 deep trolls (Vaults:2)
  3 flayed ghosts
  10 swamp dragons
  3 deep elf archers (Vaults:4)
  2 glowing orange brains
  A naga ritualist (Snake:4)
  6 orc knights
  8 ironbrand convokers
  An orange crystal statue (D:12)
  4 necromancers
  2 wizards
  6 phantasmal warriors
  2 harpies (Lair:6)
  6 mana vipers
  4 wolf spiders
  A frost giant zombie (Vaults:4)
  A shining eye (shapeshifter) (Vaults:2)
  9 deep elf magi
  A tengu zombie (Vaults:4)
  2 stone giant zombies
  3 manticores
  2 salamanders
  14 ugly things
  6 cyclopes
  2 elephants
  2 dire elephant zombies
  7 vault sentinels
  A shock serpent zombie (Crypt:3)
  3 fire giant skeletons (Crypt:3)
  7 naga magi
  2 frost giant skeletons
  21 black mambas
  4 guardian serpents
  7 centaur skeletons
  A shock serpent skeleton (Crypt:1)
  12 spiny frogs
  6 gargoyles
  4 freezing wraiths
  3 rime drakes
  16 yaktaurs
  A komodo dragon (shapeshifter) (Vaults:2)
  5 komodo dragons
  A grey draconian skeleton (Crypt:1)
  10 hornets
  2 jumping spiders (shapeshifter)
  2 polar bears (Lair:6)
  A troll (shapeshifter) (Vaults:2)
  A tyrant leech (shapeshifter) (Vaults:2)
  3 trolls
  A hydra skeleton (Crypt:3)
  4 blink frogs
  4 tyrant leeches
  A queen bee (Lair:3)
  19 slime creatures
  12 bog bodies
  A blink frog (shapeshifter) (Vaults:1)
  2 dream sheep (Lair:6)
  A harpy skeleton (Crypt:3)
  A slime creature (shapeshifter) (Vaults:2)
  4 hippogriffs
  A guardian serpent zombie (Crypt:2)
  An alligator zombie (Crypt:1)
  8 fire dragon skeletons (Crypt:3)
  A stone giant simulacrum (Vaults:2)
  A spriggan (Swamp:2)
  A spriggan (shapeshifter) (Vaults:4)
  5 flying skulls (Crypt:2)
  A redback (Vaults:1)
  6 shadows
  A tarantella (Vaults:1)
  A yak (shapeshifter) (Vaults:2)
  3 wyverns (Lair:6)
  A black mamba skeleton (Crypt:1)
  2 hungry ghosts
  A human (shapeshifter) (Vaults:5)
  A fire bat (shapeshifter) (Vaults:1)
  22 yaks
  8 wraiths
  A golden eye (shapeshifter) (Vaults:4)
  5 hogs (Snake:1)
  2 basilisks
  A tyrant leech zombie (Crypt:2)
  13 vampire mosquitoes
  2 wargs
  9 insubstantial wisps
  23 nagas
  20 swamp worms
  A soldier ant (D:13)
  An acid dragon (Vaults:1)
  3 porcupines
  9 water moccasins
  18 orc warriors
  3 black bears
  2 phantoms
  A sky beast (D:9)
  10 swamp drakes
  A necrophage (Crypt:2)
  15 ogres
  3 human zombies
  12 wolves
  A manticore skeleton (Crypt:1)
  11 centaurs
  A human skeleton (Vaults:4)
  A big kobold (D:14)
  12 crocodiles
  An elephant skeleton (Crypt:2)
  6 bullfrogs
  A deep troll simulacrum (Vaults:2)
  2 scorpions
  21 killer bees (Lair:3)
  2 wights
  4 centaur zombies
  A wolf skeleton (Crypt:2)
  7 orc priests
  2 bullfrog skeletons
  6 orc wizards
  A worker ant (D:14)
  A felid skeleton (Crypt:1)
  A swamp drake zombie (Crypt:1)
  2 worker ant zombies
  2 adders (Snake:2)
  A swamp drake skeleton (Crypt:2)
  2 shadow imps
  10 white imps
  2 ufetubi (IceCv)
  36 orcs
  6 kobolds
  A quokka (D:8)
  5 briar patches
  A bush (Swamp:4)
  30 fungi
  34 plants
  12 withered plants (Crypt:3)
970 creatures vanquished.

Vanquished Creatures (others)
  3 bone dragons
  5 ghouls
  7 vampire knights
  2 very ugly thing zombies
  A spectral guardian serpent (Snake:4)
  An anaconda (Snake:4)
  9 skeletal warriors
  3 anaconda zombies (Snake:2)
  2 flayed ghosts
  3 phantasmal warriors
  A fire giant zombie (Vaults:5)
  17 human zombies
  A black mamba (Snake:1)
  4 shock serpent zombies
  A dwarf zombie (Snake:4)
  A sea snake zombie (Lair:6)
  5 hydra zombies
  2 guardian serpent zombies (Snake:4)
  11 flying skulls
  12 black mamba zombies
  An ettin zombie (Vaults:4)
  A guardian serpent skeleton (Snake:4)
  A tyrant leech zombie (Swamp:4)
  3 wraiths
  9 vampires
  A deep troll zombie (Vaults:4)
  7 two-headed ogre zombies
  A water moccasin (Snake:2)
  6 spiny frog zombies
  A hornet zombie (Lair:6)
  A manticore zombie (D:15)
  A swamp dragon zombie (Swamp:1)
  5 elf zombies
  3 blink frog zombies
  2 centaurs (D:15)
  A blink frog skeleton (Lair:3)
  3 hog zombies (Snake:1)
  2 rime drake zombies
  5 vampire mosquito zombies
  A rime drake skeleton (Lair:6)
  6 salamander zombies
  3 yaktaur zombies
  4 wyvern zombies
  4 cyclops zombies
  9 water moccasin zombies
  A warg zombie (Orc:2)
  A water moccasin skeleton (Snake:2)
  A spriggan zombie (D:8)
  2 troll zombies
  4 yak zombies
  48 naga zombies
  A wight (Orc:2)
  2 wolf zombies (Lair:6)
  15 centaur zombies
  3 bullfrog zombies
  2 porcupine zombies
  An orc wizard (Vaults:3)
  4 bog body skeletons (Swamp:4)
  6 killer bee zombies (Lair:3)
  5 ogre zombies
  A sky beast zombie (D:11)
  3 crocodile zombies
  2 naga skeletons
  A hound skeleton (D:9)
  A mummy (Orc:2)
  A howler monkey zombie (D:12)
  2 swamp drake zombies
  A scorpion zombie (D:11)
  An ufetubus (IceCv)
  3 adder zombies (Snake:2)
  An adder skeleton (Snake:2)
  2 jackal zombies (D:11)
  A kobold zombie (D:10)
  55 orc zombies
  A bush (D:7)
  11 fungi
  7 plants
362 creatures vanquished.

Grand Total: 2251 creatures vanquished

Notes
Turn   | Place    | Note
-------+----------+-------------------------------------------
     0 | D:1      | nht the Bultungin Conjurer began the quest for the Orb.
     0 | D:1      | Reached XP level 1. HP: 13/13 MP: 4/4
   254 | D:1      | Reached XP level 2. HP: 16/19 MP: 4/6
   483 | D:1      | Learned a level 2 spell: Searing Ray
   516 | D:1      | Reached XP level 3. HP: 24/24 MP: 4/7
   739 | D:1      | Reached skill level 1 in Short Blades
  1386 | D:2      | Reached XP level 4. HP: 30/30 MP: 1/8
  1583 | D:2      | Reached skill level 5 in Short Blades
  1583 | D:2      | Reached XP level 5. HP: 28/35 MP: 6/9
  2117 | D:3      | Noticed a sky beast
  2508 | D:3      | Reached XP level 6. HP: 41/41 MP: 0/11
  2612 | D:3      | Found a snail-covered altar of Cheibriados.
  2964 | D:3      | Learned a level 4 spell: Iskenderun's Mystic Blast
  2995 | D:4      | Noticed a phantom
  3083 | D:4      | Killed a phantom
  3083 | D:4      | Reached skill level 1 in Fighting
  3083 | D:4      | Reached skill level 1 in Evocations
  3123 | D:4      | Noticed Menkaure
  3125 | D:4      | Killed Menkaure
  3125 | D:4      | Reached skill level 5 in Spellcasting
  3125 | D:4      | Reached XP level 7. HP: 30/49 MP: 1/14
  3217 | D:4      | Noticed Pikel
  3389 | D:4      | Killed Pikel
  3389 | D:4      | Reached skill level 5 in Dodging
  3389 | D:4      | Reached XP level 8. HP: 15/60 MP: 6/17
  3566 | D:4      | Found a basalt altar of Yredelemnul.
  3566 | D:4      | Found a stormy altar of Qazlal.
  3650 | D:4      | Became a worshipper of Yredelemnul the Dark
  3792 | D:4      | Noticed Ijyb
  3803 | D:4      | Killed Ijyb
  3980 | D:4      | Noticed Sigmund
  3987 | D:4      | Killed Sigmund
  3987 | D:4      | Reached skill level 5 in Maces & Flails
  4076 | D:5      | Entered Level 5 of the Dungeon
  4076 | D:5      | Found Apaarch's Book Shop.
  4460 | D:5      | Reached XP level 9. HP: 46/65 MP: 18/18
  5104 | D:6      | Found a runed door.
  5226 | D:6      | Reached * piety under Yredelemnul
  5287 | D:6      | Reached skill level 1 in Armour
  5317 | D:6      | Reached skill level 1 in Invocations
  5337 | D:6      | Found a bloodstained altar of Trog.
  5492 | D:6      | Learned a level 1 spell: Sandblast
  5636 | D:6      | Noticed Crazy Yiuf
  5637 | D:6      | Killed Crazy Yiuf
  6476 | D:7      | Found a blossoming altar of Fedhas.
  6485 | D:7      | Reached skill level 1 in Earth Magic
  6852 | D:7      | Found a staircase to the Ecumenical Temple.
  6921 | D:7      | Reached skill level 5 in Fighting
  7400 | D:8      | Found a sand-covered staircase.
  7405 | Ossuary  | Entered an ossuary
  7410 | Ossuary  | Reached ** piety under Yredelemnul
  7538 | Ossuary  | Reached XP level 10. HP: 67/76 MP: 21/21
  7831 | D:8      | Noticed a two-headed ogre
  7834 | D:8      | Reached skill level 5 in Armour
  7867 | D:8      | Killed a two-headed ogre
  7867 | D:8      | Reached skill level 5 in Invocations
  7968 | D:8      | Found a glowing silver altar of Zin.
  8001 | D:8      | Noticed a two-headed ogre
  8009 | D:8      | Reached *** piety under Yredelemnul
  8009 | D:8      | Reached skill level 5 in Earth Magic
  8012 | D:8      | Killed a two-headed ogre
  8030 | D:8      | Got a polished leather armour
  8041 | D:8      | Identified the cursed +1 leather armour of Gokli {rPois rC+ MP+9} (You found it on level 8 of the Dungeon)
  8197 | D:8      | Noticed Psyche
  8201 | D:8      | Killed Psyche
  8214 | D:8      | Found Lotetar's Magic Scroll Boutique.
  8218 | D:8      | Bought a scroll of noise for 13 gold pieces
  8218 | D:8      | Bought a scroll of fear for 45 gold pieces
  8218 | D:8      | Bought a scroll of identify for 26 gold pieces
  8218 | D:8      | Bought a scroll of fear for 45 gold pieces
  8218 | D:8      | Bought a scroll of identify for 26 gold pieces
  8218 | D:8      | Bought a scroll of identify for 26 gold pieces
  8218 | D:8      | Bought a scroll of teleportation for 39 gold pieces
  8218 | D:8      | Bought a scroll of blinking for 97 gold pieces
  8218 | D:8      | Bought a scroll of identify for 26 gold pieces
  8218 | D:8      | Bought a scroll of teleportation for 39 gold pieces
  8567 | D:9      | Got a translucent rapier
  8568 | D:9      | Identified the +4 rapier of Vengeance {pierce, Str+2 Dex+2} (You found it on level 9 of the Dungeon)
  8644 | D:9      | Reached XP level 11. HP: 78/86 MP: 3/23
  8894 | D:9      | Noticed a deep elf mage
  8919 | D:9      | Killed a deep elf mage
  8919 | D:9      | Reached **** piety under Yredelemnul
  9062 | D:10     | Entered Level 10 of the Dungeon
  9123 | D:10     | Found an ornate altar of the Wu Jian Council.
  9159 | D:10     | Received a gift from Yredelemnul (3 flying skulls)
  9321 | D:10     | Reached skill level 5 in Evocations
  9403 | D:10     | Received a gift from Yredelemnul (a mummy)
  9551 | D:10     | Found a staircase to the Orcish Mines.
  9569 | Orc:1    | Entered Level 1 of the Orcish Mines
 10023 | Orc:1    | Received a gift from Yredelemnul (3 flying skulls)
 10079 | Orc:1    | Noticed an orc warlord
 10113 | Orc:1    | Killed an orc warlord
 10186 | Orc:2    | Entered Level 2 of the Orcish Mines
 10196 | Orc:2    | Noticed an orc knight
 10367 | Orc:2    | Killed an orc knight
 10373 | Orc:2    | Received a gift from Yredelemnul (3 flying skulls)
 10428 | Orc:2    | Found a deep blue altar of Sif Muna.
 10462 | Orc:2    | Noticed an orc high priest
 10469 | Orc:2    | Killed an orc high priest
 10517 | Orc:2    | Received a gift from Yredelemnul (a wight)
 10674 | Orc:2    | Found a staircase to the Elven Halls.
 10698 | Orc:2    | Received a gift from Yredelemnul (a vampire)
 10719 | Orc:2    | FIGHT YOU STUPID FUCKS
 10837 | Orc:2    | Noticed an orc high priest
 10952 | Orc:2    | Noticed an orc knight
 10973 | Orc:1    | Learned a level 4 spell: Summon Ice Beast
 11219 | Orc:1    | Killed an orc knight
 11219 | Orc:1    | Reached XP level 12. HP: 92/94 MP: 24/24
 11278 | Orc:2    | Noticed a soul eater
 11279 | Orc:2    | Noticed a sun demon
 11401 | Orc:2    | Killed an orc high priest
 11401 | Orc:2    | Reached skill level 1 in Summonings
 11471 | Orc:2    | Reached ***** piety under Yredelemnul
 11485 | Orc:2    | Received a gift from Yredelemnul (a wraith)
 11722 | Orc:2    | Received a gift from Yredelemnul (a vampire)
 11896 | Orc:2    | Received a gift from Yredelemnul (a vampire)
 12021 | Orc:2    | Noticed an orc high priest
 12043 | Orc:2    | Noticed an orc high priest
 12047 | Orc:2    | Noticed an orc high priest
 12108 | Orc:2    | Killed an orc high priest
 12119 | Orc:2    | Received a gift from Yredelemnul (2 flying skulls)
 12136 | Orc:2    | Killed an orc high priest
 12190 | Orc:2    | Noticed an orc high priest
 12352 | Orc:2    | Killed an orc high priest
 12358 | Orc:2    | Killed an orc high priest
 12671 | Orc:2    | Found Gopi's Gadget Boutique.
 12674 | Orc:2    | Found Ufri's Gadget Shop.
 12675 | Orc:2    | Found Egyvi Sioma's Assorted Antiques.
 12676 | Orc:2    | Found Icvir's Jewellery Boutique.
 12679 | Orc:2    | Bought a scroll of identify for 72 gold pieces
 12820 | Orc:2    | Noticed a stone giant
 12836 | Orc:2    | Killed a stone giant
 12836 | Orc:2    | Reached skill level 5 in Summonings
 13011 | D:11     | Received a gift from Yredelemnul (a flayed ghost)
 13047 | D:11     | Reached XP level 13. HP: 101/101 MP: 15/26
 13349 | D:11     | Reached skill level 1 in Ice Magic
 13371 | D:11     | Received a gift from Yredelemnul (a skeletal warrior)
 13416 | D:11     | Found a staircase to the Lair.
 13476 | D:11     | Received a gift from Yredelemnul (a vampire)
 13691 | D:10     | Learned a level 1 spell: Magic Dart
 13794 | D:11     | Learned a level 5 spell: Lee's Rapid Deconstruction
 13800 | D:11     | Learned a level 5 spell: Iskenderun's Battlesphere
 13990 | D:11     | Reached skill level 1 in Charms
 14112 | Lair:1   | Entered Level 1 of the Lair of Beasts
 14329 | Lair:1   | Got a spiked helmet
 14340 | Lair:1   | Identified the cursed +0 helmet of the Slightly Bent {+Blink rPois rF- Dex+3} (You found it on level 1 of the Lair of Beasts)
 14496 | Lair:1   | Reached skill level 5 in Ice Magic
 15015 | Lair:2   | Reached skill level 5 in Charms
 15143 | Lair:2   | Got a crude scale mail
 15154 | Lair:2   | Identified the +2 scale mail of Utwuopuvy {rElec rF+ rN+} (You found it on level 2 of the Lair of Beasts)
 15217 | Lair:2   | Got a faintly humming scale mail
 15228 | Lair:2   | Identified the +2 scale mail "Unabruopn" {rElec rPois rF- Dex+8} (You found it on level 2 of the Lair of Beasts)
 16069 | Lair:3   | Learned a level 3 spell: Ozocubu's Armour
 16372 | Lair:3   | Received a gift from Yredelemnul (a vampire knight)
 16374 | Lair:3   | Found a staircase to the Snake Pit.
 16507 | Lair:3   | Reached XP level 14. HP: 58/108 MP: 27/27
 16588 | Lair:3   | Received a gift from Yredelemnul (a wraith)
 17118 | Lair:3   | Found a staircase to the Swamp.
 17349 | Lair:4   | Noticed Lochraine's ghost (journeyman HOMo)
 17378 | Lair:4   | Killed Lochraine's ghost
 17693 | Lair:4   | Received a gift from Yredelemnul (a wraith)
 18640 | Lair:5   | Found a viscous altar of Jiyva.
 18643 | Lair:5   | Found a staircase to the Slime Pits.
 19439 | Lair:6   | Entered Level 6 of the Lair of Beasts
 19535 | Lair:6   | Learned a level 5 spell: Fireball
 19542 | Lair:6   | Got a faintly humming plate armour
 19678 | Lair:6   | Reached skill level 10 in Maces & Flails
 19751 | Lair:6   | Received a gift from Yredelemnul (a ghoul)
 19757 | Lair:6   | Identified the +1 plate armour "Igoceiz" {-Cast +Inv MP+9 Dex+4} (You found it on level 6 of the Lair of Beasts)
 19831 | Lair:6   | Reached ****** piety under Yredelemnul
 20069 | Lair:6   | Received a gift from Yredelemnul (a vampire)
 20195 | Lair:6   | Received a gift from Yredelemnul (a skeletal warrior)
 20199 | Lair:6   | Reached skill level 10 in Invocations
 20933 | D:12     | Reached skill level 1 in Fire Magic
 20981 | D:12     | Found a flagged portal.
 21001 | Bailey   | Entered a bailey
 21102 | Bailey   | Reached skill level 5 in Fire Magic
 21139 | Bailey   | Got a pair of faintly humming gloves
 21150 | Bailey   | Identified the +0 pair of gloves of Day {rCorr} (You found it in a bailey)
 21243 | D:12     | Found a frozen archway.
 21254 | D:12     | Reached XP level 15. HP: 110/113 MP: 28/28
 21266 | IceCv    | Entered an ice cave
 21266 | IceCv    | Noticed nikopol's ghost (journeyman GrBe)
 21412 | D:12     | Found a runed door.
 21740 | D:12     | Found a portal to a secret trove of treasure.
 22174 | Trove    | Entered a treasure trove
 22366 | D:13     | Learned a level 5 spell: Bolt of Magma
 22367 | D:13     | Got a crystal mace
 22368 | D:13     | Identified the +7 mace of Emugul {freeze, rF+ Dex+4} (You found it on level 13 of the Dungeon)
 22374 | D:13     | Learned a level 2 spell: Blink
 22378 | D:13     | Learned a level 3 spell: Mephitic Cloud
 22439 | D:13     | Found a gate to the Vaults.
 23747 | D:14     | Got a jewelled mace {elec}
 23748 | D:14     | Identified the +4 mace of the Maze {elec, rPois rF++ rC- SInv} (You took it off a wight on level 14 of the Dungeon)
 24185 | D:15     | Entered Level 15 of the Dungeon
 24565 | D:15     | Found a staircase to the Depths.
 24576 | D:15     | Reached skill level 10 in Fire Magic
 24834 | D:15     | Reached skill level 10 in Evocations
 24854 | D:15     | Upgraded the game from 0.20-a0-984-ge8aa303 to 0.20-a0-993-gba41c3c
 25122 | D:15     | Got a steaming leather armour
 25133 | D:15     | Identified the +0 leather armour of Meadukke {*Corrode rC+ Str+6} (You found it on level 15 of the Dungeon)
 25824 | Snake:1  | Entered Level 1 of the Snake Pit
 25975 | Snake:1  | Found a shadowy altar of Dithmenos.
 26340 | Snake:1  | Reached XP level 16. HP: 39/120 MP: 24/29
 26343 | Snake:1  | Noticed Kirke
 26354 | Snake:1  | Reached skill level 10 in Conjurations
 26363 | Snake:1  | Killed Kirke
 26722 | Snake:1  | Reached skill level 1 in Shields
 26808 | Snake:1  | Your ally Kirke died
 26971 | Snake:1  | Noticed a nagaraja
 26981 | Snake:1  | Killed a nagaraja
 27184 | Snake:2  | Reached skill level 5 in Shields
 27431 | Snake:2  | HP: 1/120 [naga warrior/war axe (14)]
 28206 | Snake:2  | Received a gift from Yredelemnul (a phantasmal warrior)
 29517 | Snake:3  | Identified a scroll of acquirement
 29517 | Snake:3  | Identified the Disquisition on Beguiling and the Glacier (You acquired it on level 3 of the Snake Pit)
 29519 | Snake:3  | fuck ,need manual
 29757 | Snake:3  | Reached skill level 10 in Shields
 30495 | Snake:3  | Noticed a nagaraja
 30506 | Snake:3  | Killed a nagaraja
 30512 | Snake:3  | Identified the Disquisition on Supportive Beguiling
 30829 | Snake:3  | Got a translucent hand axe
 30830 | Snake:3  | Identified the cursed +1 hand axe "Etierick" {freeze, rPois rF++ Str-3} (You found it on level 3 of the Snake Pit)
 31017 | Snake:4  | Entered Level 4 of the Snake Pit
 31023 | Snake:4  | Reached XP level 17. HP: 127/127 MP: 28/30
 31036 | Snake:4  | omfg this shit mechanic
 31482 | Snake:4  | Reached skill level 10 in Dodging
 31669 | Snake:4  | Noticed Jorgrun
 31675 | Snake:4  | Killed Jorgrun
 31675 | Snake:4  | Reached skill level 10 in Fighting
 31716 | Snake:4  | Got a spiked buckler
 31727 | Snake:4  | Identified the +2 buckler of Cetsuahe {rPois rC- MR+ SInv} (You found it on level 4 of the Snake Pit)
 31754 | Snake:4  | Found Idghe Udu's Gadget Shoppe.
 31754 | Snake:4  | Found Giarhog's Jewellery Shop.
 31755 | Snake:4  | Found Kugesidgh's Jewellery Shop.
 31764 | Snake:4  | Bought the amulet of Vitality {Regen+ HP+15} for 1343 gold pieces
 31783 | Snake:4  | Received a gift from Yredelemnul (a phantasmal warrior)
 31880 | Snake:4  | Reached skill level 10 in Spellcasting
 31989 | Snake:4  | Received a gift from Yredelemnul (a skeletal warrior)
 32221 | Snake:4  | Noticed Aizul
 32232 | Snake:4  | Killed Aizul
 32232 | Snake:4  | Enslaved Aizul
 32233 | Snake:4  | Your ally Jorgrun died
 32247 | Snake:4  | Your ally Aizul died
 32432 | Snake:4  | aizul didn't last long
 32494 | Snake:4  | Reached skill level 10 in Earth Magic
 32688 | Snake:3  | Received a gift from Yredelemnul (a vampire knight)
 32748 | Snake:4  | Reached skill level 10 in Charms
 32766 | Snake:4  | Reached skill level 1 in Translocations
 32813 | Snake:4  | HP: 1/143 [salamander mystic/orb of energy (22)]
 32818 | Snake:3  | HP: 2/143 [poisoned by a naga ritualist (toxic radiance)]
 33346 | Orc:2    | Bought the ring of Jacluc {Wiz rN++ Str+3} for 753 gold pieces
 34156 | Snake:4  | Reached skill level 5 in Translocations
 34660 | Snake:4  | Got a serpentine rune of Zot
 34752 | Snake:4  | Noticed Asterion
 34767 | Snake:4  | Killed Asterion
 35017 | Swamp:1  | Entered Level 1 of the Swamp
 35030 | Swamp:1  | Found a runed door.
 35030 | Swamp:1  | Noticed a tentacled monstrosity
 35071 | Swamp:1  | Received a gift from Yredelemnul (a skeletal warrior)
 35337 | Swamp:1  | Noticed Roxanne
 35647 | Swamp:1  | Learned a level 6 spell: Darkness
 35725 | Swamp:2  | Reached skill level 1 in Hexes
 35806 | Swamp:2  | Reached XP level 18. HP: 134/134 MP: 32/32
 35806 | Swamp:2  | Received a gift from Yredelemnul (a bone dragon)
 35808 | Swamp:2  | finally bone dragon
 35910 | Swamp:2  | You fall through a shaft!
 36145 | Swamp:2  | Reached skill level 5 in Hexes
 37097 | Swamp:4  | Entered Level 4 of the Swamp
 37138 | Swamp:4  | Identified the ring "Qyanaps" {*Tele Str+2 Slay+3} (You found it on level 4 of the Swamp)
 37192 | Swamp:4  | Received a gift from Yredelemnul (a bone dragon)
 37225 | Swamp:4  | Noticed the 27-headed Lernaean hydra
 37242 | Swamp:4  | Killed the 26-headed Lernaean hydra
 37249 | Swamp:4  | Received a gift from Yredelemnul (a ghoul)
 37249 | Swamp:4  | should've enslaved it
 37361 | Swamp:4  | Got a decaying rune of Zot
 37502 | Swamp:4  | Identified the cursed +0 ring mail of the Bard {rC+++ MR- Int-4 SInv} (You found it on level 4 of the Swamp)
 37976 | Swamp:1  | Received a gift from Yredelemnul (a profane servitor)
 38055 | Swamp:1  | Killed Roxanne
 38060 | Swamp:1  | Identified Roxanne's Collected Works on Stones (You took it off Roxanne on level 1 of the Swamp)
 38587 | Vaults:1 | Entered Level 1 of the Vaults
 38604 | Vaults:1 | Found a ruined gateway.
 38614 | Desolati | Entered the Desolation of Salt
 38754 | Vaults:1 | Reached skill level 10 in Hexes
 38840 | Vaults:1 | Received a gift from Yredelemnul (a vampire)
 39711 | Vaults:2 | Noticed Boris
 39796 | Vaults:2 | Received a gift from Yredelemnul (a vampire knight)
 39817 | Vaults:2 | Killed Boris
 40008 | Vaults:2 | Reached XP level 19. HP: 142/142 MP: 33/33
 40167 | Vaults:2 | Received a gift from Yredelemnul (a vampire)
 40442 | Vaults:2 | Found Tamorako's Weapon Emporium.
 40461 | Vaults:2 | Received a gift from Yredelemnul (a skeletal warrior)
 40941 | Vaults:2 | Reached skill level 10 in Armour
 41280 | Vaults:3 | Received a gift from Yredelemnul (a vampire knight)
 41280 | Vaults:3 | Reached skill level 5 in Stealth
 41362 | Vaults:3 | Identified Sif Muna's Disquisition on Spatial Good Luck
 41368 | Vaults:3 | Learned a level 3 spell: Lesser Beckoning
 41419 | Vaults:3 | fucker
 41436 | Vaults:3 | Received a gift from Yredelemnul (a ghoul)
 41656 | Vaults:3 | Got a bloodstained spear {venom}
 41668 | Vaults:3 | Found a staircase to the Crypt.
 41688 | Crypt:1  | Entered Level 1 of the Crypt
 41873 | Crypt:1  | Received a gift from Yredelemnul (a skeletal warrior)
 42076 | Crypt:1  | Received a gift from Yredelemnul (a ghoul)
 42502 | Crypt:2  | Received a gift from Yredelemnul (a skeletal warrior)
 42949 | Crypt:2  | Received a gift from Yredelemnul (a vampire knight)
 43024 | Crypt:2  | Reached XP level 20. HP: 150/150 MP: 34/34
 43079 | Crypt:2  | Identified the Disquisition on the Voyage
 43128 | Crypt:2  | Identified the +9 spear of Frustration {venom, *Rage +Inv Str+2} (You took it off an orc warrior on level 3 of the Vaults)
 43305 | Crypt:2  | Received a gift from Yredelemnul (a vampire knight)
 43380 | Crypt:3  | Entered Level 3 of the Crypt
 43430 | Crypt:3  | Received a gift from Yredelemnul (a vampire knight)
 43626 | Crypt:3  | Noticed a bone dragon
 43640 | Crypt:3  | Killed a bone dragon
 43674 | Crypt:3  | Got a faintly glowing glass ring
 43674 | Crypt:3  | Got a pitted tin ring
 43676 | Crypt:3  | Identified the ring "Ameel" {rPois rN+} (You found it on level 3 of the Crypt)
 43677 | Crypt:3  | Identified the ring "Yzosopt" {rPois rN+} (You found it on level 3 of the Crypt)
 43678 | Crypt:3  | wtf
 43798 | Crypt:3  | Received a gift from Yredelemnul (a skeletal warrior)
 44559 | Crypt:3  | Received a gift from Yredelemnul (a vampire)
 44686 | Crypt:3  | Found a staircase to the Tomb.
 44688 | Crypt:3  | Noticed an ancient lich
 44700 | Crypt:3  | Killed an ancient lich
 44705 | Crypt:3  | Noticed an ancient lich
 44712 | Crypt:3  | Killed an ancient lich
 44720 | Crypt:3  | Received a gift from Yredelemnul (a vampire)
 44859 | Crypt:3  | Noticed an ancient lich
 44871 | Crypt:3  | Killed an ancient lich
 44983 | Crypt:3  | Noticed an ancient lich
 44992 | Crypt:3  | Killed an ancient lich
 45500 | Vaults:3 | Received a gift from Yredelemnul (a skeletal warrior)
 46309 | Vaults:4 | fucker
 46507 | Vaults:4 | Received a gift from Yredelemnul (a flayed ghost)
 46626 | Vaults:4 | Reached XP level 21. HP: 156/156 MP: 31/35
 46644 | Vaults:4 | Received a gift from Yredelemnul (a phantasmal warrior)
 46868 | Vaults:4 | Received a gift from Yredelemnul (a ghoul)
 47210 | Vaults:4 | Reached skill level 10 in Stealth
 47566 | Vaults:4 | rip 2 dragons
 47567 | Vaults:5 | Entered Level 5 of the Vaults
 47623 | Vaults:5 | Received a gift from Yredelemnul (a bone dragon)
 47665 | Vaults:5 | Noticed an ancient lich
 47680 | Vaults:5 | Killed an ancient lich
 47784 | Vaults:5 | Received a gift from Yredelemnul (a vampire knight)
 47810 | Vaults:5 | Mangled by a titan

Vault maps used:
D:1:      lemuel_arrival_hallway
D:2:      cheibrodos_pilgrimage, minmay_split_cup_small
D:3:      cheibriados_altar_1
D:4:      gammafunk_temple_overflow_elements, first_bread, uniq_iyjb,
          uniq_menkaure, uniq_sigmund, uniq_pikel
D:5:      serial_shops, shop, corexii_corridor_pit
D:6:      lightli_temple_of_fire, uniq_crazy_yiuf_cottage
D:7:      minmay_temple_entry_fiery, fedhas_bush_and_centaur_altar
D:8:      kennysheep_little_box, serial_shops, shop_fountains, enter_ossuary_2,
          the_bakery, uniq_psyche
D:10:     orc_0_dummy, basic_altar
D:11:     minmay_lair_entry_grove
D:12:     lab_entry_generic, enter_bailey_2, portal_ice_cave_entry_imps,
          enter_trove_6, amethyst_killhole, minmay_crystal_box
D:13:     lightli_vaults_fourway_checkpoint
D:14:     eino_small_chamber_without_monster, minivault_24,
          hangedman_corner_corridor
D:15:     grunt_enter_depths_magical_seal, minmay_misc_feat_x
Lair:1:   infiniplex_staircase_pool, grunt_megastairs_1
Lair:2:   hangedman_lair_generics_rect, grunt_megastairs_2,
          minmay_lair_oklob_chamber, lemuel_fruit_tree
Lair:3:   nicolae_swamp_entry_splash_gauntlet, guppyfry_snake_entry_island,
          special_room, nicolae_quartered_pool_little
Lair:4:   grunt_megastairs_5, lemuel_fruit_fields, serial_bayou_shore_a
Lair:5:   slime_altar_1, minivault_24
Lair:6:   gammafunk_lair_ancient_temple
Swamp:1:  cheibrodos_swamp_sealed, hangedman_swamp_diagram, swamp_pool3,
          uniq_roxanne
Swamp:2:  evilmike_swamp_ruin_rubble_2, swamp_pool1
Swamp:3:  nicolae_swamp_treefoil, swamp_pool1
Swamp:4:  grunt_swamp_rune_castle
Snake:1:  basic_altar, uniq_kirke
Snake:2:  minmay_snake_river, spider_trap
Snake:3:  kennysheep_snake
Snake:4:  johnstein_snake_rune_scales, basic_stair_grate_trap,
          grunt_megastairs_4, minmay_shop_grove, uniq_aizul, uniq_jorgrun,
          uniq_asterion
Orc:1:    minmay_orc_barracks
Orc:2:    st_orc_pillars, nicolae_orc_damp_corner, led_sif_book
Vaults:1: nicolae_vaults_little_squares_5, vaults_mumra_minichess, st_lines,
          nicolae_vaults_gold_heap, v_misc_2, ontoclasm_vaults_fault, v_misc_19,
          nicolae_vaults_ring_of_whatevers, vaults_room_door_ring,
          portal_desolation_entry_nicolae_slug
Vaults:2: nicolae_vaults_hallways_thing, nicolae_vaults_network_s, v_rooms_1,
          nicolae_vaults_little_squares_2, ontoclasm_vaults_fire_temple,
          vaults_room_octagon, dpeg_vaults_monster_box,
          nicolae_vaults_ninety_degrees, v_pattern_1, v_rooms_6,
          vaults_room_grid, nicolae_vaults_diagonal_hallway_7,
          vaults_dpeg_diagonal, grunt_vaults_hallway_long, uniq_boris
Vaults:3: minmay_crypt_entry_simple_statues, vaults_mumra_hex, v_rooms_3,
          nicolae_vaults_disjoint_gnomons, nicolae_vaults_rhombus_7, v_misc_18,
          nicolae_vaults_twisting_passages, ontoclasm_vaults_twist,
          nicolae_vaults_network_square, ontoclasm_vaults_tryst,
          ontoclasm_vaults_echo, nicolae_vaults_little_squares_2,
          ontoclasm_vaults_loading_screen, grunt_vaults_hallway_short
Vaults:4: hangedman_vaults_maws, nicolae_vaults_what_the_h, v_misc_11,
          vaults_room_door_hall, nicolae_vaults_ring_of_whatevers,
          vaults_dpeg_cross, vaults_dpeg_doors, nicolae_vaults_sealed_display,
          vaults_room_stairs_pillars, hangedman_vaults_maws,
          vaults_room_door_ring
Vaults:5: serial_shops
Crypt:1:  grunt_crypt_arrival_split
Crypt:3:  quadcrypt_mu
Trove:    trove_misc_throne_room
Ossuary:  ossuary_tomb_2
Bailey:   bailey_polearm_4, bailey
IceCv:    ice_cave_small_demon

Skill      XL: |  1  2  3  4  5  6  7  8  9 10 11 12 13 14 15 16 17 18 19 20 21 |
---------------+----------------------------------------------------------------+-----
Conjurations   | 6 7 8 9 10 | 10.4
Short Blades   | 3 5 6 7 |  7.0
Spellcasting   | 5 6 7 8 9 10 | 10.0
Fighting       | 1 3 5 7 8 9 10 11 | 11.0
Evocations     | 2 4 6 8 9 10 | 10.0
Dodging        | 4 5 6 8 9 10 11 | 11.0
Maces & Flails | 7 8 9 10 11 | 11.2
Armour         | 4 7 8 9 10 11 | 11.0
Invocations    | 4 7 8 9 10 11 | 11.0
Earth Magic    | 3 6 8 9 10 | 10.3
Summonings     | 5 8 |  8.0
Ice Magic      | 8 9 |  9.0
Charms         | 8 9 10 | 10.0
Fire Magic     | 6 10 | 10.5
Shields        | 10 11 | 11.0
Translocations | 8 |  8.0
Stealth        | 4 8 9 10 | 10.3
Hexes          | 2 10 11 | 11.0

Action                   |  1- 3 |  4- 6 |  7- 9 | 10-12 | 13-15 | 16-18 | 19-21 || total
-------------------------+-------+-------+-------+-------+-------+-------+-------++-------
Melee: Unarmed           |    40 |       |       |       |       |       |       ||    40
       Bite              |     2 |     5 |    39 |    52 |   173 |   111 |   160 ||   542
       Short sword       |    10 |    63 |    19 |       |       |       |       ||    92
       Whip              |       |       |   408 |   670 |  1056 |       |       ||  2134
       Mace              |       |       |       |       |   365 |   984 |  1093 ||  2442
       Staff             |       |       |       |       |     4 |       |       ||     4
Throw: Stone             |       |       |       |       |     1 |       |       ||     1
 Cast: Magic Dart        |    69 |   127 |    19 |       |    17 |       |       ||   232
       Searing Ray       |       |     4 |    10 |    19 |     4 |       |       ||    37
       Iskenderun's Myst |       |       |     5 |    83 |    61 |    53 |    14 ||   216
       Sandblast         |       |       |       |    39 |    46 |    49 |    11 ||   145
       Summon Ice Beast  |       |       |       |       |    50 |       |       ||    50
       Lee's Rapid Decon |       |       |       |       |     5 |     3 |       ||     8
       Iskenderun's Batt |       |       |       |       |     6 |       |       ||     6
       Fireball          |       |       |       |       |     9 |    32 |     8 ||    49
       Bolt of Magma     |       |       |       |       |     2 |    49 |    87 ||   138
       Ozocubu's Armour  |       |       |       |       |     2 |     3 |       ||     5
       Blink             |       |       |       |       |       |    12 |     1 ||    13
Invok: Animate Remains   |       |       |     7 |     8 |    27 |       |       ||    42
       Animate Dead      |       |       |       |    35 |    64 |   121 |    46 ||   266
       Recall Undead Sla |       |       |       |     5 |     6 |    16 |    26 ||    53
       Drain Life        |       |       |       |     3 |       |     1 |     1 ||     5
       Injury Mirror     |       |       |       |     1 |       |       |       ||     1
       Enslave Soul      |       |       |       |       |       |     1 |       ||     1
Evoke: Wand              |       |     4 |     3 |     9 |    47 |    55 |    21 ||   139
       Lightning rod     |       |       |       |     4 |     8 |     9 |     3 ||    24
       Phial of floods   |       |       |       |       |     1 |     5 |       ||     6
       Lamp of fire      |       |       |       |       |       |     3 |     1 ||     4
       Fan of gales      |       |       |       |       |       |     2 |       ||     2
       Sack of spiders   |       |       |       |       |       |     1 |       ||     1
  Use: Scroll            |     5 |     4 |     6 |    10 |    24 |    18 |     7 ||    74
       Potion            |       |     3 |       |     3 |     2 |    14 |     5 ||    27
 Stab: Sleeping          |       |       |    12 |     4 |    17 |     7 |    13 ||    53
       Distracted        |       |       |       |     3 |    15 |    14 |    31 ||    63
       Paralysed         |       |       |       |       |    19 |     2 |     5 ||    26
       Confused          |       |       |       |       |       |       |     1 ||     1
  Eat: Chunk             |     1 |     6 |    15 |    29 |    38 |       |    15 ||   104
       Fruit             |       |       |     1 |     3 |    19 |    12 |       ||    35
       Meat ration       |       |       |       |     2 |     6 |    10 |     5 ||    23
       Bread ration      |       |       |       |       |       |    11 |     5 ||    16
Armor: Robe              |     6 |    18 |     5 |       |       |       |       ||    29
       Ring mail         |       |       |   124 |    21 |       |       |       ||   145
       Leather armour    |       |       |       |   182 |   481 |   267 |       ||   930
       Skin              |       |       |       |    31 |       |       |       ||    31
       Chain mail        |       |       |       |     2 |       |       |       ||     2
       Scale mail        |       |       |       |       |     7 |       |       ||     7
       Pearl dragon scal |       |       |       |       |       |    42 |    12 ||    54
       Ice dragon scales |       |       |       |       |       |       |   443 ||   443
Dodge: Dodged            |    49 |    57 |   219 |   498 |  1106 |   546 |   546 ||  3021
Block: Shield            |       |       |       |       |       |   592 |    15 ||   607
       Buckler           |       |       |       |       |       |       |   355 ||   355
